 Dungeon Crawl Stone Soup version 0.16.1-5-gaa23807 (webtiles) character file.

10145 Gorice the Nimble (level 11, -8/60 HPs)
             Began as a Deep Elf Fighter on Mar 22, 2015.
             Was a High Priest of Okawaru.
             Mangled by a cyclops (24 damage)
             ... on level 12 of the Dungeon on Mar 28, 2015.
             The game lasted 02:23:10 (17832 turns).

Gorice the Nimble (Deep Elf Fighter)               Turns: 17832, Time: 02:23:10

Health: -8/60      AC: 12    Str: 13      XL:     11   Next: 32%
Magic:  19/20      EV: 21    Int:  8 (10) God:    Okawaru [*****.]
Gold:   656        SH: 10    Dex: 17      Spells: 0 memorised, 10 levels left

rFire  . . .     SeeInvis +     r - +0 scimitar
rCold  . . .     Clarity  .     p - +0 ring mail
rNeg   . . .     SustAb   .     c - +0 shield
rPois  +         Gourm    .     (no helmet)
rElec  +         Spirit   .     g - +2 cloak "Luuskec" {rElec MR+ Int-4}
rCorr  .         Warding  .     (no gloves)
rMut   +         Stasis   .     X - +1 pair of boots
MR     ++...                    u - amulet of resist mutation
Stlth  ++........               h - ring of see invisible
                                w - ring of poison resistance

@: heroism, very resistant to hostile enchantments, unstealthy
A: no striking features
a: Heroism, Finesse, Renounce Religion


You were on level 12 of the Dungeon.
You worshipped Okawaru.
Okawaru was extremely pleased with you.
You were hungry.

You visited 2 branches of the dungeon, and saw 13 of its levels.

You collected 656 gold pieces.

Inventory:

Hand weapons
 a - a +2 short sword of speed
   (You took it off an orc on level 5 of the Dungeon)
 b - a +0 hunting sling
 f - a +3 short sword of freezing {wight}
   (You took it off a wight on level 6 of the Dungeon)
 r - a +0 scimitar (weapon)
 B - a +3 blowgun
 G - a +1 short sword of protection
   (You took it off an orc on level 7 of the Dungeon)
 S - a +1 rapier
Missiles
 k - 2 curare-tipped needles
 l - 39 sling bullets
 s - 6 poisoned needles
 Y - a throwing net (quivered)
 Z - 251 stones
Armour
 c - a +0 shield (worn)
 g - the +2 cloak "Luuskec" (worn) {rElec MR+ Int-4}
   (You found it on level 6 of the Dungeon)

   It affects your intelligence (-4).
   It insulates you from electricity.
   It affects your resistance to hostile enchantments.
 p - a +0 ring mail (worn)
 J - a +1 leather armour of magic resistance
   (You took it off Eustachio on level 5 of the Dungeon)
 X - a +1 pair of boots (worn)
Jewellery
 h - a ring of see invisible (right hand)
 t - an uncursed ring of positive energy
 u - an amulet of resist mutation (around neck)
 w - a ring of poison resistance (left hand)
 E - a +4 ring of intelligence
 M - an uncursed ring of teleportation
Magical devices
 y - a wand of heal wounds (5) {!d}
 N - a wand of confusion (18)
Scrolls
 m - 2 scrolls of fog
 n - a scroll of teleportation {!r}
 x - 2 scrolls of magic mapping {!r}
 z - a scroll of noise {!r}
 H - a scroll of amnesia
 L - a scroll of remove curse
 O - a scroll of immolation {unknown}
 R - 2 scrolls of fear {!r}
 T - a scroll of enchant armour
Potions
 e - a potion of might {!q}
 v - 2 potions of ambrosia {!q}
 A - 2 potions of restore abilities {!q}
 C - 5 potions of curing
 D - 2 potions of magic {!q}
 I - a potion of cancellation {!q}
 K - 3 potions of agility {unknown}
 P - 3 potions of brilliance {!q}
 U - a potion of haste {unknown}
 W - a potion of resistance {unknown}
Books
 F - a book of Callings
Miscellaneous
 o - a stone of tremors
Comestibles
 d - 9 bread rations {!e}
 i - 7 fruits
 j - 3 royal jellies
 q - 4 meat rations {!e}
 Q - 3 beef jerkies


   Skills:
 - Level 3.7(8.7) Fighting
 - Level 12.0(17.4) Short Blades
 + Level 4.9(13.7) Long Blades
 - Level 2.4(7.4) Armour
 * Level 13.3(18.3) Dodging
 - Level 2.4(7.4) Shields


You had 10 spell levels left.
You didn't know any spells.

Dungeon Overview and Level Annotations

Branches:
Dungeon (12/15)            Temple (1/1) D:4             Orc (0/4) D:9
   Lair: D:8-11

Altars:
Ashenzari
Cheibriados
Dithmenos
Elyvilon
Fedhas
Gozag
Kikubaaqudgha
Makhleb
Nemelex Xobeh
Okawaru
Qazlal
Ru
Sif Muna
Trog
Vehumet
Xom
Yredelemnul
Zin
The Shining One

Annotations:
D:6 vpUX: freezing vault with $
D:9 vpUX: obs statue loot, exclusion: obsidian statue
D:10 pUX: Gastro!, exclusion: door, Gastronok
D:11 pUX: ghost!, Zigurun's ghost, experienced TrMo


Message History

The steel tomahawk hits the cyclops but does no damage.
The cyclops is severely wounded.
The cyclops is no longer moving slowly.
Evoke which item? (* to show all) (? for menu, Esc to quit)
Okay, then.
Wield which item (- for none, * to show all)? (? for menu, Esc to quit)
b - a +0 hunting sling (weapon)
Firing (i - inventory. (,) - cycle):
l - 42 sling bullets (quivered)
Press: ? - help, Shift-Dir - straight line, f/p - cyclops
Aim: a cyclops (severely wounded, poisoned)
You shoot a sling bullet.
The sling bullet hits the cyclops but does no damage.
The cyclops is severely wounded.
Firing (i - inventory. (,) - cycle):
l - 41 sling bullets (quivered)
Press: ? - help, Shift-Dir - straight line, f/p - cyclops
Aim: a cyclops (severely wounded, poisoned)
You shoot a sling bullet.
The sling bullet hits the cyclops but does no damage.
The cyclops is severely wounded.
Firing (i - inventory. (,) - cycle):
l - 40 sling bullets (quivered)
Press: ? - help, Shift-Dir - straight line, f/p - cyclops
Aim: a cyclops (severely wounded, poisoned)
You shoot a sling bullet. The sling bullet hits the cyclops.
The cyclops is almost dead.
The cyclops looks more healthy.
Use which ability? (? or * to list)
You gain the combat prowess of a mighty hero.
You feel slightly more hungry.
Wield which item (- for none, * to show all)? (? for menu, Esc to quit)
r - a +0 scimitar (weapon)
You block the cyclops' attack.
Throwing (i - inventory. (,) - cycle):
Y - 2 throwing nets (quivered)
Press: ? - help, Shift-Dir - straight line, f/p - cyclops
Aim: a cyclops (almost dead)
You throw a throwing net.
The throwing net completely misses the cyclops.
You are too injured to fight recklessly!
You are too injured to fight recklessly!
You are too injured to fight recklessly!
You are too injured to fight recklessly!
You are too injured to fight recklessly!
You are too injured to fight recklessly!
You are too injured to fight recklessly!
You are too injured to fight recklessly!
You hit the cyclops.
The cyclops is almost dead.
Your ring mail prevents you from hitting the cyclops.
The cyclops is almost dead.
The cyclops hits you!!
You die...

....#............(.....#
....'.....#####(####...#
....#.....#........#(..#
....#.....#........+(..#
....#.....#......<.#(..#
#####.....#........#...#
..........#........'...#
..........########+#...#
....[...........@C.(...#
.......................#
.......#####+##.......##
.......+......#.......#
######.#......#.......#
+.#......#.......#
#.#......#.......#
#.#......#.......#
#.'......'.......#


You could see a cyclops.

Vanquished Creatures
  2 hill giants
  2 ugly things
  A manticore (D:11)
  2 trolls
  A wraith (D:11)
  A deep elf mage (D:11)
  2 wyverns
  Eustachio (D:5)
  8 yaks (D:11)
  A steam dragon (D:11)
  2 hungry ghosts (D:7)
  Edmund (D:8)
  A mottled dragon (D:11)
  An ice beast (D:7)
  2 orc warriors
  3 sky beasts
  A black bear (D:9)
  6 ogres
  A crocodile (D:10)
  2 phantoms
  3 centaurs
  A brain worm (D:11)
  2 big kobolds
  Blork the orc (D:7)
  4 giant frogs
  5 scorpions
  6 killer bees (D:11)
  4 wights (D:6)
  6 electric eels (D:9)
  6 hounds
  7 crimson imps
  A giant frog skeleton (D:8)
  2 giant frog zombies
  3 goliath beetles
  9 orc priests
  2 centaur skeletons
  A jelly (D:6)
  3 iguanas
  20 orc wizards
  5 worker ants
  A hound skeleton (D:5)
  A hound zombie (D:7)
  A worker ant zombie (D:6)
  4 gnolls
  3 adders
  2 river rats (D:10)
  A giant mite (D:6)
  6 shadow imps
  7 worms
  2 giant geckos
  An ooze (D:4)
  54 orcs
  A ball python (D:1)
  18 bats
  A bat zombie (D:5)
  9 giant cockroaches
  14 goblins
  13 hobgoblins
  6 quokkas
  3 giant newts
  4 jackals (D:6)
  23 kobolds
  A quokka zombie (D:5)
  31 rats
  2 ballistomycetes (D:4)
341 creatures vanquished.

Vanquished Creatures (others)
  2 giant spores
2 creatures vanquished.

Grand Total: 343 creatures vanquished

Notes
Turn   | Place    | Note
--------------------------------------------------------------
     0 | D:1      | Gorice, the Deep Elf Fighter, began the quest for the Orb.
     0 | D:1      | Reached XP level 1. HP: 13/13 MP: 2/2
   169 | D:1      | Reached XP level 2. HP: 13/18 MP: 4/4
   205 | D:1      | HP: 3/18 [rat (3)]
  1214 | D:2      | Reached XP level 3. HP: 22/22 MP: 6/6
  1370 | D:2      | Reached skill level 3 in Fighting
  1370 | D:2      | Reached skill level 3 in Short Blades
  1505 | D:2      | Found a shattered altar of Ashenzari.
  1883 | D:2      | Reached XP level 4. HP: 28/28 MP: 8/8
  2138 | D:2      | Found a shadowy altar of Dithmenos.
  2446 | D:3      | Found a burning altar of Makhleb.
  2509 | D:3      | HP: 7/28 [gnoll (5)]
  2512 | D:3      | HP: 2/28 [gnoll (6)]
  2816 | D:3      | Reached skill level 4 in Short Blades
  2896 | D:3      | Found a sacrificial altar of Ru.
  3117 | D:3      | Reached XP level 5. HP: 32/32 MP: 10/10
  3142 | D:3      | Found an ancient bone altar of Kikubaaqudgha.
  4102 | D:4      | Found a staircase to the Ecumenical Temple.
  4110 | Temple   | Entered the Ecumenical Temple
  4192 | Temple   | Upgraded the game from 0.16.0-18-g484a79e to 0.16.1
  4250 | D:4      | HP: 5/33 [something (28)]
  4548 | D:4      | Found a shimmering altar of Xom.
  4561 | D:4      | Found an iron altar of Okawaru.
  4564 | D:4      | Became a worshipper of Warmaster Okawaru
  4592 | D:5      | Entered Level 5 of the Dungeon
  4770 | D:5      | Found a glowing golden altar of the Shining One.
  4889 | D:5      | Reached skill level 5 in Short Blades
  4889 | D:5      | Reached skill level 1 in Dodging
  4899 | D:5      | Reached XP level 6. HP: 28/38 MP: 12/12
  5002 | D:5      | Noticed Eustachio
  5024 | D:5      | Killed Eustachio
  5024 | D:5      | Reached skill level 2 in Dodging
  5244 | D:5      | Noticed an ogre
  5275 | D:4      | Reached skill level 6 in Short Blades
  5704 | D:5      | Acquired Okawaru's first power
  5704 | D:5      | Reached skill level 3 in Dodging
  5824 | D:5      | Reached XP level 7. HP: 32/42 MP: 14/14
  5882 | D:5      | Found a deep blue altar of Sif Muna.
  5922 | D:5      | Killed an ogre
  6148 | D:5      | Reached skill level 4 in Dodging
  6192 | D:5      | Noticed a moth of wrath
  6194 | D:5      | Found a bloodstained altar of Trog.
  6236 | D:5      | Reached skill level 7 in Short Blades
  6965 | D:5      | HP: 10/42 [scorpion (8)]
  7256 | D:5      | Reached XP level 8. HP: 48/48 MP: 16/16
  7346 | D:5      | Found a snail-covered altar of Cheibriados.
  7540 | D:6      | Got a brightly glowing cloak
  7546 | D:6      | Identified the +2 cloak "Luuskec" {rElec MR+ Int-4} (You found it on level 6 of the Dungeon)
  7813 | D:6      | Reached skill level 8 in Short Blades
  7813 | D:6      | Reached skill level 5 in Dodging
  8834 | D:6      | Reached skill level 9 in Short Blades
  8834 | D:6      | Reached skill level 6 in Dodging
  9255 | D:7      | Found a basalt altar of Yredelemnul.
  9442 | D:7      | Noticed Blork the orc
  9472 | D:7      | Killed Blork the orc
  9472 | D:7      | Reached XP level 9. HP: 40/52 MP: 18/18
  9648 | D:7      | Reached skill level 10 in Short Blades
  9648 | D:7      | Reached skill level 7 in Dodging
  9770 | D:7      | Found a stormy altar of Qazlal.
  9772 | D:7      | Found a blossoming altar of Fedhas.
 10413 | D:8      | Found a glowing silver altar of Zin.
 10807 | D:7      | Reached skill level 8 in Dodging
 11059 | D:8      | Reached skill level 11 in Short Blades
 11513 | D:8      | Noticed Edmund
 11537 | D:8      | Killed Edmund
 12366 | D:9      | Found a staircase to the Orcish Mines.
 12629 | D:9      | Noticed an obsidian statue
 12633 | D:9      | Noticed a rust devil
 13049 | D:9      | Noticed a sixfirhy
 13258 | D:10     | Entered Level 10 of the Dungeon
 13271 | D:10     | Reached skill level 9 in Dodging
 13329 | D:10     | Reached XP level 10. HP: 34/56 MP: 19/19
 13532 | D:10     | Noticed Gastronok
 13592 | D:10     | Noticed a hill giant
 14111 | D:10     | Reached skill level 12 in Short Blades
 14543 | D:10     | Reached skill level 10 in Dodging
 14623 | D:9      | Reached skill level 1 in Long Blades
 14841 | D:10     | Killed a hill giant
 15095 | D:10     | Reached skill level 2 in Long Blades
 15265 | D:10     | Upgraded the game from 0.16.1 to 0.16.1-2-g95b8d4c
 15431 | D:11     | Reached skill level 11 in Dodging
 15453 | D:11     | Acquired Okawaru's second power
 15462 | D:11     | HP: 8/56 [yak (13)]
 15490 | D:11     | Noticed a hill giant
 15747 | D:11     | HP: 8/56 [hill giant/giant spiked club (19)]
 15768 | D:11     | HP: 15/56 [hill giant/giant spiked club (19)]
 15769 | D:11     | Killed a hill giant
 15769 | D:11     | Reached skill level 3 in Long Blades
 15998 | D:11     | Noticed a green ugly thing
 16093 | D:11     | Reached skill level 12 in Dodging
 16178 | D:11     | Killed a green ugly thing
 16178 | D:11     | Reached XP level 11. HP: 37/60 MP: 20/20
 16231 | D:11     | Reached skill level 4 in Long Blades
 16450 | D:11     | HP: 17/60 [orc priest/divine providence (15)]
 16765 | D:11     | Noticed a manticore
 16800 | D:11     | Killed a manticore
 17057 | D:11     | Reached skill level 13 in Dodging
 17118 | D:11     | Noticed Zigurun's ghost (experienced TrMo)
 17285 | D:12     | HP: 16/60 [shadow imp/nerve-wracking pain (14)]
 17310 | D:12     | Upgraded the game from 0.16.1-2-g95b8d4c to 0.16.1-4-g8e1b745
 17310 | D:12     | Upgraded the game from 0.16.1-4-g8e1b745 to 0.16.1-5-gaa23807
 17554 | D:11     | HP: 17/60 [burnt (3)]
 17798 | D:12     | HP: 9/60 [cyclops (20)]
 17832 | D:12     | Mangled by a cyclops

Action                   |  1- 3 |  4- 6 |  7- 9 | 10-12 || total
-------------------------+-------+-------+-------+-------++-------
Melee: Rapier            |   175 |   266 |    89 |       ||   530
       Short sword       |       |       |   589 |   733 ||  1322
       Hunting sling     |       |       |     1 |       ||     1
       Scimitar          |       |       |       |    10 ||    10
 Fire: Hunting sling     |    30 |   127 |    98 |    41 ||   296
       Blowgun           |       |    15 |   118 |    39 ||   172
Throw: Stone             |     4 |     1 |     4 |       ||     9
       Tomahawk          |       |       |     1 |     8 ||     9
       Throwing net      |       |       |       |     1 ||     1
Invok: Heroism           |       |       |     6 |    11 ||    17
Evoke: Wand              |       |       |     5 |     8 ||    13
  Use: Scroll            |     7 |    12 |     6 |     1 ||    26
       Potion            |       |     1 |     1 |     2 ||     4
 Stab: Distracted        |       |     1 |       |       ||     1
       Confused          |       |       |     1 |     5 ||     6
  Eat: Chunk             |     3 |    13 |    21 |    13 ||    50
       Beef jerky        |       |       |     3 |     1 ||     4

Table legend:
 A = Turns spent in this place as a percentage of turns spent in the entire game.
 B = Non-inter-level travel turns spent in this place as a percentage of non-inter-level travel turns spent in the entire game.
 C = Inter-level travel turns spent in this place as a percentage of turns spent in this place.
 D = Turns resting spent in this place as a percentage of non-inter-level travel turns spent in this place.
 E = Turns spent auto-exploring this place as a percentage of non-inter-level travel turns spent in this place.
 F = Non-inter-level travel turns spent in this place divided by the number of levels of this place that you've seen.
                   A       B       C       D       E      F
               +-------+-------+-------+-------+-------+----------------------
         Total | 100.0 | 100.0 |   0.4 |   2.0 |   3.4 | 612.5
       Dungeon |  99.8 |  99.8 |   0.4 |   2.0 |   3.3 | 662.0
        Temple |   0.2 |   0.2 |   5.3 |  16.7 |  44.4 |  18.0
               +-------+-------+-------+-------+-------+----------------------

Vault maps used:
D:1:      erik_arrival_orb_chamber
D:2:      lemuel_crystal_altar, nicolae_dithmenos_through_a_glass_darkly
D:3:      nicolae_ru_great_annihilating_truth, nicolae_overflow_hidden_temple,
          kiku_gazebo_garden_becter, hangedman_abyss_or_decor_stabs
D:4:      serial_park_square1, kennysheep_mini, overflow_temple_1_default,
          minmay_temple_entry_junction, first_bread
D:5:      beetle_altar_2, old_standard_altar, nicolae_overflow_crystal_walls,
          tgw_trog, serial_glass, glass_columns_b, glass_columns_b,
          glass_columns_b, glass_columns_a, uniq_eustachio
D:6:      lemuel_ice_spiral_2, eino_tiny_chamber, hex_intersection
D:7:      grunt_temple_overflow_forces_of_nature, basic_altar, serial_glass,
          glass_columns_a, glass_columns_c, grunt_ogre_cave,
          columned_hall_lemuel, serial_park_tiny_1, uniq_blork_the_orc
D:8:      basic_altar, uniq_edmund
D:9:      orc_0_dummy, minmay_protected_statue
D:10:     grunt_lair_entry_elf_guard_hut, minivault_11, uniq_gastronok
D:12:     uniq_nessos, uniq_erica
Temple:   temple_of_Zot_ovaries
